 Dungeon Crawl Stone Soup version 0.22.1-1-ga44c0e56f4 (webtiles) character file.

147 Anathary the Slasher (level 5, -2/42 HPs)
             Began as a Demonspawn Berserker on Sept 21, 2018.
             Was a Believer of Trog.
             Slain by an orc wizard
             ... wielding a +0 dagger
              (5 damage)
             ... on level 3 of the Dungeon.
             The game lasted 00:10:45 (3557 turns).

Anathary the Slasher (Demonspawn Berserker)         Turns: 3557, Time: 00:10:45

Health: -2/42      AC:  4    Str: 18    XL:     5   Next: 8%
Magic:  5/5        EV: 13    Int:  9    God:    Trog [**....]
Gold:   114        SH:  0    Dex: 12    Spells: 4/4 levels left

rFire    . . .     SeeInvis .   a - +0 falchion
rCold    + . .     Gourm    .   (no shield)
rNeg     . . .     Faith    .   b - +0 animal skin
rPois    .         Spirit   .   (helmet restricted)
rElec    .         Reflect  .   (no cloak)
rCorr    .         Harm     .   (no gloves)
MR       .....                  (no boots)
Stlth    +.........             (no amulet)
HPRegen  0.14/turn              (no ring)
MPRegen  0.09/turn              (no ring)

@: no status effects
A: antennae 1, molten scales 1, cold resistance 1
a: Berserk, Trog's Hand, Renounce Religion


You were on level 3 of the Dungeon.
You worshipped Trog.
Trog was pleased with you.
You were not hungry.

You visited 1 branch of the dungeon, and saw 3 of its levels.

You collected 114 gold pieces.

Inventory:

Hand Weapons
 a - a +0 falchion (weapon)
Armour
 b - a +0 animal skin (worn)
Jewellery
 k - a +6 ring of dexterity {unknown}
Scrolls
 d - 2 scrolls of enchant armour {unknown}
 e - a scroll of magic mapping {unknown}
 f - 4 scrolls of identify {unknown}
 i - 5 scrolls of fear {unknown}
 l - a scroll of immolation {unknown}
 m - a scroll of fog {unknown}
 n - a scroll of blinking {unknown}
 q - a scroll of noise {unknown}
 t - a scroll of amnesia {unknown}
Potions
 g - a potion of invisibility {unknown}
 h - 2 potions of heal wounds {unknown}
 j - 2 potions of curing {unknown}
 o - a potion of berserk rage {unknown}
 p - a potion of agility {unknown}
 s - 2 potions of resistance {unknown}
Comestibles
 c - 6 rations


   Skills:
 + Level 3.8 Fighting
 + Level 4.1 Long Blades
 + Level 1.9 Armour
 + Level 2.7 Dodging


You had 4 spell levels left.
You didn't know any spells.
Your spell library was empty.

Dungeon Overview and Level Annotations

Branches:
Dungeon (3/15)

Altars:
Xom


Innate Abilities, Weirdness & Mutations

You have a pair of small antennae on your head.
You are partially covered in molten scales. (AC +2)
Your flesh is cold resistant. (rC+)


Message History

Things that are here:
a dagger; a robe The orc wizard barely misses you.
You barely miss the orc wizard.
The orc wizard is severely wounded.
The orc wizard gestures at you while chanting.
The magic dart hits you!
* * * LOW HITPOINT WARNING * * *
You barely miss the orc wizard.
The orc wizard is heavily wounded.
The orc wizard hits you with a dagger.
* * * LOW HITPOINT WARNING * * *
You barely miss the orc wizard.
The orc wizard is heavily wounded.
The orc wizard closely misses you.
The orc wizard hits you but does no damage.
You hit the orc wizard but do no damage.
The orc wizard is heavily wounded.
The orc wizard hits you with a dagger.
You die...

#.......÷.# #....##
##.####...###.##.##
#.# #..#....##..#
#.# #.......###.#
#.#####.#.#### #.#
#..)(...#.# #.#
#..######.# #.# #)o#
#.######.# #@.#
#........# #..#
#........# ##..#
##....†...# ...#
#.........# #.##
#........##
#.##.#### #........#
........###........#
#.##........#.######
#.#####.##########


You could see an orc wizard.

Vanquished Creatures
  An orc wizard (D:3)
  4 adders
  2 oozes
  4 dart slugs
  A leopard gecko (D:1)
  4 orcs
  5 bats
  10 goblins
  8 hobgoblins
  5 kobolds
  2 quokkas
  2 ball pythons
  2 frilled lizards
  9 rats
59 creatures vanquished.

Notes
Turn   | Place    | Note
-------+----------+-------------------------------------------
     0 | D:1      | Anathary the Demonspawn Berserker began the quest for the
                  | Orb.
     0 | D:1      | Reached XP level 1. HP: 18/18 MP: 1/1
   360 | D:1      | Gained mutation: Your flesh is cold resistant. (rC+)
                  | [demonic ancestry]
   360 | D:1      | Reached XP level 2. HP: 14/24 MP: 2/2
   646 | D:1      | Reached skill level 3 in Long Blades
  1392 | D:2      | Gained mutation: You are partially covered in molten
                  | scales. (AC +2) [demonic ancestry]
  1392 | D:2      | Reached XP level 3. HP: 24/29 MP: 3/3
  2311 | D:2      | Reached XP level 4. HP: 30/36 MP: 4/4
  2713 | D:3      | Reached ** piety under Trog
  3266 | D:3      | Found a shimmering altar of Xom.
  3534 | D:3      | Reached skill level 4 in Long Blades
  3534 | D:3      | Gained mutation: You have a pair of small antennae on your
                  | head. [demonic ancestry]
  3534 | D:3      | Reached XP level 5. HP: 38/42 MP: 5/5
  3557 | D:3      | Slain by an orc wizard

Skill      XL: |  1  2  3  4 |
---------------+-------------+-----
Long Blades    | 3 4 |  4.1
Dodging        | 2 |  2.7
Fighting       | |  3.8
Armour         | |  1.9

Action                   |  1- 3 |  4- 6 || total
-------------------------+-------+-------++-------
Melee: Falchion          |   116 |    83 ||   199
 Stab: Sleeping          |     1 |       ||     1
  Eat: Ration            |     2 |     1 ||     3
       Chunk             |       |     1 ||     1
Armor: Animal skin       |    15 |    25 ||    40
Dodge: Dodged            |    78 |    52 ||   130
       Rpst.: Falchion   |    29 |    11 ||    40
